 Dungeon Crawl Stone Soup version 0.30.1-11-g7821555f0a (webtiles) character file.

Game seed: 12627427951572724695

99 jagang the Slasher (level 4, 0/37 HPs)
             Began as a Barachi Monk on Nov 8, 2023.
             Slain by a water moccasin zombie (5 damage)
             ... on level 4 of the Dungeon.
             The game lasted 00:04:15 (1360 turns).

jagang the Slasher (Barachi Monk)                   Turns: 1360, Time: 00:04:16

Health: 0/37       AC:  2    Str: 13    XL:     4   Next: 72%
Magic:  4/4        EV: 13    Int: 10    God:
Gold:   38         SH:  0    Dex: 16    Spells: 3/3 levels left

rFire   . . .        i - +0 long sword
rCold   . . .        d - orb {light}
rNeg    . . .        b - +0 robe
rPois   .            (no helmet)
rElec   .            (no cloak)
rCorr   .            (no gloves)
SInv    .            (no boots)
Will    .....        (no amulet)
Stlth   +            (no ring)
HPRegen 0.26/turn    (no ring)
MPRegen 0.09/turn

%: no passive effects
@: unable to hop, glowing, slow
A: amphibious, slowness 1, strong legs 1, +LOS
a: Hop


You were on level 4 of the Dungeon.
You visited 1 branch of the dungeon, and saw 3 of its levels.

You collected 60 gold pieces.
You spent 22 gold pieces at shops.

Inventory:

Hand Weapons
 i - a +0 long sword (weapon)
Armour
 b - a +0 robe (worn)
 d - an orb of light (worn)
Jewellery
 f - an amulet of faith
 j - a ring of ice
 k - a ring of fire
 m - a ring of positive energy
Scrolls
 e - a scroll of enchant armour {unknown}
 g - 6 scrolls of teleportation {unknown}
 h - a scroll of vulnerability
 p - a scroll of brand weapon {unknown}
 q - a scroll of identify
Potions
 a - a potion of might {unknown}
 c - a potion of ambrosia
 l - a potion of curing {unknown}
 n - 2 potions of heal wounds {unknown}
 o - 2 potions of haste {unknown}
 r - a potion of invisibility {unknown}


   Skills:
 + Level 4.3 Fighting
 * Level 4.9 Long Blades
 + Level 2.0 Armour
 + Level 3.9 Dodging


You had 3 spell levels left.
You didn't know any spells.
Your spell library was empty.

Dungeon Overview and Level Annotations

Branches:
Dungeon (2/15)

Altars:

Shops:
D:2 ?


Innate Abilities, Weirdness & Mutations

You are amphibious.
You cover ground slowly.
You can hop short distances.
You have an extended range of vision and can be seen from far away.


Message History

You hit the water moccasin zombie.
The water moccasin zombie is lightly damaged.
The water moccasin zombie bites you.
You hit the water moccasin zombie.
The water moccasin zombie is lightly damaged.
The water moccasin zombie bites you.
You slash the water moccasin zombie!
The water moccasin zombie is heavily damaged.
The water moccasin zombie bites you. x2
You hit the water moccasin zombie.
The water moccasin zombie is heavily damaged.
The water moccasin zombie bites you!
* * * LOW HITPOINT WARNING * * *
Hop to where?
Press: ? - help, Dir - move target Boing!
The water moccasin zombie attacks as you move away!
The water moccasin zombie barely misses you.
You hit the water moccasin zombie.
The water moccasin zombie is heavily damaged.
The water moccasin zombie closely misses you.
The water moccasin zombie barely misses you.
You completely miss the water moccasin zombie.
The water moccasin zombie is heavily damaged.
The water moccasin zombie bites you but does no damage.
You barely miss the water moccasin zombie.
The water moccasin zombie is heavily damaged.
The water moccasin zombie closely misses you.
You hit the water moccasin zombie.
The water moccasin zombie is heavily damaged.
The water moccasin zombie closely misses you.
The water moccasin zombie misses you.
You hit the water moccasin zombie.
The water moccasin zombie is severely damaged.
The water moccasin zombie bites you.
* * * LOW HITPOINT WARNING * * *
You barely miss the water moccasin zombie.
The water moccasin zombie is severely damaged.
The water moccasin zombie bites you.
You die...

#...#......#
#.......##
...###..## #
#..# #..# #..#
.######..#
.........Z#
##.#######@#
###.. #.# .....
#.# #.#.P.
#####.####
.....#........#
#..#.###..8.#
#...# #.....#
###.# #.....#
#.####.##.#


You could see a water moccasin zombie.

Vanquished Creatures
  A hound skeleton (D:4)
  3 adders
  2 adder zombies (D:4)
  A worm (D:2)
  2 dart slugs (D:4)
  An orc (D:4)
  4 bats
  7 endoplasms
  A giant cockroach (D:4)
  4 goblins
  3 hobgoblins
  4 quokkas
  6 ball pythons
  4 rats
43 creatures vanquished.

Notes
Turn   | Place    | Note
-------+----------+-------------------------------------------
     0 | D:1      | jagang the Barachi Monk began the quest for the Orb.
     0 | D:1      | Reached XP level 1. HP: 18/18 MP: 1/1
     3 | D:1      | Noticed an electric eel
     4 | D:1      | Noticed an electric eel
   132 | D:1      | Reached XP level 2. HP: 23/25 MP: 2/2
   309 | D:1      | Reached skill level 1 in Armour
   609 | D:1      | Reached XP level 3. HP: 30/30 MP: 3/3
   907 | D:2      | Found Zerugh's Magic Scroll Shoppe.
   968 | D:2      | Bought a scroll of identify for 22 gold pieces
   999 | D:2      | You fall into a shaft and drop 2 floors!
  1124 | D:4      | Reached XP level 4. HP: 37/37 MP: 4/4
  1360 | D:4      | Slain by a water moccasin zombie

Illustrated notes

Levels and vault maps discovered:
D:1:      arrival_aquarium_b, layout_loops_cross, chequers_serial_rivers_room_a,
          minmay_misc_feat_five
D:2:      layout_rooms, serial_shops, nicolae_shop_tiny_statue_garden, shop,
          shop, basic_altar
D:4:      layout_loops_ring, serial_undead, serial_undead_e, serial_undead_b,
          serial_undead_c, serial_undead_f, grunt_decor_arrowhead,
          hangedman_decor_slide_cut, chequers_serial_rivers_micro_a

Skill      XL: |  1  2  3  4 |
---------------+-------------+-----
Long Blades    | 4 |  4.9
Armour         | 1 2 |  2.0
Fighting       | 4 |  4.3
Dodging        | |  3.9

Action                     |  1- 3 |  4- 6 || total
---------------------------+-------+-------++-------
  Melee: Falchion          |    45 |       ||    45
         Long sword        |    35 |    52 ||    87
Ability: Hop               |       |     1 ||     1
    Use: Scroll            |     1 |       ||     1
 Armour: Robe              |    11 |     5 ||    16
  Dodge: Dodged            |    58 |    36 ||    94
